 Dungeon Crawl Stone Soup version 0.29.0-13-gc9e81de378 (webtiles) character file.

Game seed: 4358256340465024790

0 mtoz the Chiller (level 1, 10/11 HPs)
             Began as a Vampire Ice Elementalist on Sept 8, 2022.
             Quit the game on level 1 of the Dungeon.
             The game lasted 00:00:49 (60 turns).

mtoz the Chiller (Vampire Ice Elementalist)           Turns: 60, Time: 00:00:49

Health: 10/11      AC:  2    Str:  7    XL:     1   Next: 8%
Magic:  2/3        EV: 12    Int: 17    God:
Gold:   13         SH:  0    Dex: 14    Spells: 3/4 levels left

rFire   . . .      SeeInvis +   (no weapon)
rCold   . . .      Faith    .   (no shield)
rNeg    . . .      Spirit   .   a - +0 robe
rPois   .          Reflect  .   (no helmet)
rElec   .          Harm     .   (no cloak)
rCorr   .          Rampage  .   (no gloves)
Will    .....                   (no boots)
Stlth   ++........              (no amulet)
HPRegen 0.23/turn               (no ring)
MPRegen 0.08/turn               (no ring)

@: healing quickly
A: alive, fangs 3, see invisible, vampiric 1, [frail 1]
a: Exsanguinate


You were on level 1 of the Dungeon.
You visited 1 branch of the dungeon, and saw 1 of its levels.

You collected 13 gold pieces.

Inventory:

Armour
 a - a +0 robe (worn)
Jewellery
 c - a ring of protection from cold
Potions
 b - a potion of magic


   Skills:
 + Level 2.2 Dodging
 + Level 3.0 Stealth
 + Level 2.0 Spellcasting
 + Level 4.0 Ice Magic


You had 3 spell levels left.
You knew the following spells:

 Your Spells              Type           Power      Damage    Failure   Level
a - Freeze                Ice            60%        1d8       3%          1

Your spell library contained the following spells:

 Spells                   Type           Power      Damage    Failure   Level
 Frozen Ramparts          Ice            30%        1d5       11%         3
 Ozocubu's Armour         Ice            15%        N/A       11%         3
 Hailstorm                Conj/Ice       8%         3d4       63%         4


Dungeon Overview and Level Annotations

Branches:
Dungeon (1/15)

Altars:


Innate Abilities, Weirdness & Mutations

Your natural rate of healing is accelerated.
You have razor-sharp teeth.
You have supernaturally acute eyesight. (SInv)
You are afflicted with vampirism.
[You are frail. (-10% HP)]


Message History

Moving in this stuff is going to be slow.
You now have 13 gold pieces.
c - a ring of protection from cold You see here a ring of see invisible.
You open the door.
A bat comes into view.
Found 29 gold pieces.
The bat misses you. The bat hits you.
There is an open door here.
The bat hits you but does no damage.
You see here 14 gold pieces.
You barely miss the bat. The bat hits you. The bat barely misses you.
You hit the bat but do no damage. The bat barely misses you.
The bat misses you.
You closely miss the bat. The bat closely misses you. The bat hits you.
The bat hits you. The bat hits you but does no damage.
You see here 14 gold pieces.
You hit the bat but do no damage. The bat closely misses you. x2
You closely miss the bat. The bat hits you but does no damage.
You closely miss the bat. The bat hits you but does no damage.
The bat hits you but does no damage.
You closely miss the bat. The bat closely misses you. The bat misses you.
The bat hits you.
You miss the bat. The bat hits you but does no damage.
The bat hits you but does no damage. The bat hits you.
The bat hits you but does no damage. The bat barely misses you.
The bat hits you but does no damage. The bat closely misses you.
You barely miss the bat. The bat closely misses you.
Aiming: Freeze (safe; 3% risk of failure)
Press: ? - help, Q - select action Shift-Dir - straight line, f - bat
Aim: a bat You freeze the bat!
You kill the bat!
Okay, then.
Are you sure you want to abandon this character and quit the game? (Confirm with "yes".)

######## #......#
#......# #...†..+
#..@...# #......#
#$$....# ##'##### #
#.##############.##
#.....##.#.#.#.#...
#####...#=#.#.#..
#.##.#.#.#.##
#.#.#.#.#.#.#


There were no monsters in sight!

Vanquished Creatures
  A bat (D:1)
1 creature vanquished.

Notes
Turn   | Place    | Note
-------+----------+-------------------------------------------
     0 | D:1      | mtoz the Vampire Ice Elementalist began the quest for the
                  | Orb.
     0 | D:1      | Reached XP level 1. HP: 13/13 MP: 3/3
    60 | D:1      | Quit the game

Illustrated notes

Levels and vault maps discovered:
D:1:      ncdulo_watergridlock, layout_basic

Action                   || total
-------------------------++-------
Melee: Unarmed           ||     9
 Cast: Freeze            ||     1
 Abil: Exsanguinate      ||     1
       Revivify          ||     1
Armor: Robe              ||     9
Dodge: Dodged            ||    12
